 Dungeon Crawl Stone Soup version 0.17.1-1-g73c8601 (webtiles) character file.

8553 KahnShawnery the Thrower (level 11, -8/92 HPs)
             Began as a Minotaur Berserker on Apr 15, 2016.
             Was an Elder of Trog.
             Hit by a large rock thrown by a cyclops (17 damage)
             ... on level 10 of the Dungeon.
             The game lasted 00:56:51 (11785 turns).

KahnShawnery the Thrower (Minotaur Berserker)      Turns: 11785, Time: 00:56:51

Health: -8/92      AC: 18    Str: 25    XL:     11   Next: 11%
Magic:  10/10      EV: 10    Int:  4    God:    Trog [****..]
Gold:   405        SH:  3    Dex: 10    Spells: 0 memorised, 10 levels left

rFire  . . .     SeeInvis .     c - +1 war axe (distort)
rCold  . . .     Clarity  .     h - +0 chain mail
rNeg   . . .     SustAt   .     r - +0 buckler
rPois  .         Gourm    .     (helmet restricted)
rElec  .         Spirit   .     k - +2 cloak
rCorr  .         Warding  .     q - +2 pair of gloves
rMut   .         Stasis   .     (no boots)
MR     .....                    (no amulet)
Stlth  ..........               (no ring)
                                (no ring)

@: not resistant to hostile enchantments, extremely unstealthy
A: retaliatory headbutt, horns 2, blurry vision 2, regeneration 1
a: Berserk, Trog's Hand, Brothers in Arms, Burn Spellbooks, Renounce Religion


You were on level 10 of the Dungeon.
You worshipped Trog.
Trog was greatly pleased with you.
You were not hungry.

You visited 1 branch of the dungeon, and saw 10 of its levels.

You collected 405 gold pieces.

Inventory:

Hand Weapons
 c - a +1 war axe of distortion (weapon)
 g - a +3 quarterstaff of chaos
 i - a +3 mace
 m - a +1 halberd
 s - a +1 mace
 t - a +3 halberd
 v - a +0 dagger of freezing
 y - a +1 mace
Missiles
 d - 4 javelins of returning (quivered)
 f - 5 silver javelins
 j - 6 javelins of penetration
 l - 3 tomahawks of returning
 p - 2 javelins
Armour
 h - a +0 chain mail (worn)
 k - a +2 cloak (worn)
 q - a +2 pair of gloves (worn)
 r - a +0 buckler (worn)
Jewellery
 a - an uncursed amulet of regeneration {unknown}
Wands
 e - a wand of random effects (30)
Scrolls
 o - 2 scrolls of teleportation
 u - 2 scrolls of torment
 w - a scroll of remove curse
 x - a scroll of fog
Potions
 b - 2 potions of haste
 n - 2 potions of curing
Comestibles
 z - 2 bread rations
 A - 5 chunks of flesh


   Skills:
 + Level 7.6 Fighting
 + Level 1.4 Short Blades
 + Level 3.6(4.6) Axes
 + Level 4.3(5.9) Maces & Flails
 + Level 4.9(5.7) Staves
 + Level 12.1 Throwing
 + Level 9.3 Armour
 + Level 4.9 Dodging
 + Level 1.6 Stealth
 + Level 1.2 Shields


You had 10 spell levels left.
You didn't know any spells.

Dungeon Overview and Level Annotations

Branches:
Dungeon (10/15)            Temple (0/1) D:7            Lair (0/8) D:10
    Orc: D:9-12

Altars:
Ashenzari
Dithmenos
Elyvilon
Kikubaaqudgha
Makhleb
Sif Muna
Trog
Vehumet
Xom

Shops:
D:5 =   D:6 [

Annotations:
D:5 exclusion: statue
D:10 Sonja
Abyss:1 Erica, Fannar


Innate Abilities, Weirdness & Mutations

You reflexively headbutt those who attack you in melee.
You have a pair of horns on your head.
Scrolls take you longer to read.
Your natural rate of healing is unusually fast.


Message History

The cyclops is heavily wounded.
The javelin of returning returns to your pack!
Throwing (i - inventory. (,) - cycle):
d - 4 javelins of returning (quivered)
Press: ? - help, Shift-Dir - straight line, f/p - cyclops
Aim: a cyclops (heavily wounded)
You throw a javelin of returning.
The javelin of returning hits the cyclops!!
The cyclops is almost dead.
The javelin of returning returns to your pack!
The cyclops throws a large rock.
The large rock hits you!!
* * * LOW HITPOINT WARNING * * *
Throwing (i - inventory. (,) - cycle):
d - 4 javelins of returning (quivered)
Press: ? - help, Shift-Dir - straight line, f/p - cyclops
Aim: a cyclops (almost dead)
You throw a javelin of returning.
The javelin of returning hits the cyclops!
The cyclops is almost dead.
The javelin of returning returns to your pack!
The cyclops throws a large rock.
The large rock hits you!
You die...

# ... ####.#.# #.# #.# #.# #. #.#
#.# #.# #Y# #.# ... #Y# #.# #.#
#Y# #.# #.# #C# #.# #.# #.# #.#
#######.####@# #.#####
<...........(# #......
######.###############.####. #.#
#.......#..≈≈≈≈≈..
####.####.......#.≈≈≈≈≈≈≈≈
#...............#.≈≈≈≈≈≈≈≈
##.#####.###.###..........≈≈≈≈≈≈≈
#........# #.# #.........(≈≈...≈≈
#.##.###.###.###........P≈≈≈≈...≈


You could see a cyclops and 3 sheep.

Vanquished Creatures
  2 unseen horrors (D:10)
  A cyclops (D:10)
  A hungry ghost (D:7)
  Grum (D:9)
  3 wolves (D:9)
  Menkaure (D:4)
  3 insubstantial wisps (D:10)
  Duvessa (D:5)
  A sky beast (D:8)
  2 orc warriors (D:8)
  A wasp (D:8)
  A necrophage (D:10)
  A black bear (D:10)
  A water moccasin (D:9)
  An ice beast (D:10)
  3 phantoms
  2 centaurs (D:8)
  3 ogres
  3 big kobolds
  A wyvern zombie (D:8)
  Dowan (D:5)
  2 scorpions
  5 giant frogs
  A water moccasin skeleton (D:9)
  7 killer bees
  12 wights
  8 orc wizards
  A giant frog zombie (D:5)
  A centaur zombie (D:5)
  A quasit (D:9)
  A centaur skeleton (D:6)
  7 crimson imps
  7 hounds
  4 orc priests
  Crazy Yiuf (D:3)
  4 iguanas
  A jelly (D:5)
  2 giant frog skeletons
  3 worker ants
  Natasha (thrice) (D:3)
  A hell rat (D:10)
  A sheep (D:10)
  A hound zombie (D:6)
  Robin (D:4)
  2 worker ant zombies
  5 gnolls
  5 river rats
  11 adders
  4 shadow imps
  2 oozes (D:6)
  3 worms (D:3)
  4 giant geckos
  25 orcs
  12 hobgoblins
  11 jackals
  4 quokkas
  2 ball pythons
  12 bats
  8 giant cockroaches
  A giant cockroach zombie (D:5)
  6 giant newts
  11 goblins
  22 kobolds
  A quokka skeleton (D:4)
  10 rats
  A fungus (D:3)
  4 plants (D:4)
275 creatures vanquished.

Vanquished Creatures (others)
  A vampire mosquito (D:10)
  An iguana (D:10)
2 creatures vanquished.

Grand Total: 277 creatures vanquished

Notes
Turn   | Place    | Note
--------------------------------------------------------------
     0 | D:1      | KahnShawnery the Minotaur Berserker began the quest for the Orb.
     0 | D:1      | Reached XP level 1. HP: 19/19 MP: 0/0
   201 | D:1      | Reached XP level 2. HP: 27/27 MP: 1/1
   374 | D:1      | Reached skill level 4 in Fighting
   820 | D:2      | Reached skill level 1 in Throwing
   820 | D:2      | Reached XP level 3. HP: 28/33 MP: 2/2
   919 | D:2      | Reached ** piety under Trog
   985 | D:2      | Found a shadowy altar of Dithmenos.
  1514 | D:3      | Reached XP level 4. HP: 40/40 MP: 3/3
  1642 | D:3      | Noticed Crazy Yiuf
  1649 | D:3      | Killed Crazy Yiuf
  1863 | D:3      | Reached XP level 5. HP: 41/46 MP: 4/4
  2567 | D:3      | Noticed Natasha
  2570 | D:3      | Killed Natasha
  2610 | D:3      | Reached *** piety under Trog
  2619 | D:3      | Noticed Natasha
  2620 | D:3      | Killed Natasha
  2620 | D:3      | Noticed Natasha
  2625 | D:3      | Killed Natasha
  2664 | D:3      | Found a deep blue altar of Sif Muna.
  2946 | D:4      | Reached XP level 6. HP: 47/53 MP: 5/5
  2947 | D:4      | Noticed an ogre
  2953 | D:4      | Killed an ogre
  2953 | D:4      | Reached skill level 1 in Short Blades
  3014 | D:4      | Found a shattered altar of Ashenzari.
  3377 | D:4      | Noticed Robin
  3385 | D:4      | Killed Robin
  3634 | D:4      | Noticed Menkaure
  3643 | D:4      | Killed Menkaure
  3643 | D:4      | Reached skill level 5 in Fighting
  3643 | D:4      | Reached skill level 1 in Staves
  3643 | D:4      | Reached skill level 5 in Throwing
  3643 | D:4      | Reached XP level 7. HP: 54/61 MP: 6/6
  4421 | D:5      | Entered Level 5 of the Dungeon
  4515 | D:5      | Found Suybb's Jewellery Emporium.
  4559 | D:5      | Reached skill level 5 in Armour
  4663 | D:5      | Reached **** piety under Trog
  4751 | D:5      | Found a radiant altar of Vehumet.
  4981 | D:5      | Noticed Duvessa
  4981 | D:5      | Noticed Dowan
  4992 | D:5      | Killed Duvessa
  4992 | D:5      | Reached skill level 6 in Throwing
  4994 | D:5      | Killed Dowan
  4994 | D:5      | Reached XP level 8. HP: 49/68 MP: 7/7
  5780 | D:6      | Reached skill level 7 in Throwing
  5823 | D:6      | Received a gift from Trog
  5886 | D:6      | Reached skill level 1 in Stealth
  6090 | D:6      | Found a bloodstained altar of Trog.
  6265 | D:6      | Found a bloodstained altar of Trog.
  6281 | D:6      | Received a gift from Trog
  6311 | D:6      | Found a sand-covered staircase.
  6381 | D:6      | Reached skill level 8 in Throwing
  6458 | D:6      | Found Ezun's Antique Armour Shop.
  7058 | D:7      | Found a staircase to the Ecumenical Temple.
  7137 | D:7      | Reached XP level 9. HP: 75/75 MP: 8/8
  7417 | D:7      | Found a white marble altar of Elyvilon.
  8062 | D:8      | Reached skill level 9 in Throwing
  8347 | D:8      | Found an ancient bone altar of Kikubaaqudgha.
  8510 | D:8      | Reached skill level 1 in Axes
  8546 | D:8      | Found a burning altar of Makhleb.
  8546 | D:8      | Found a shimmering altar of Xom.
  8891 | D:8      | Received a gift from Trog
  8891 | D:8      | Reached skill level 10 in Throwing
  9550 | D:9      | Received a gift from Trog
  9551 | D:9      | Reached XP level 10. HP: 84/84 MP: 9/9
 10381 | D:9      | Noticed Grum
 10393 | D:9      | Killed Grum
 10395 | D:9      | Reached ***** piety under Trog
 10729 | D:10     | Entered Level 10 of the Dungeon
 10731 | D:10     | Received a gift from Trog
 10755 | D:10     | Reached skill level 11 in Throwing
 10903 | D:10     | Gained mutation: Your natural rate of healing is unusually fast. [potion of mutation]
 10903 | D:10     | Gained mutation: Scrolls take you a little longer to read. [potion of mutation]
 10903 | D:10     | Gained mutation: Scrolls take you longer to read. [potion of mutation]
 10941 | D:10     | Killed an unseen horror
 11086 | D:10     | Noticed Erica
 11102 | D:10     | Found a staircase to the Lair.
 11161 | D:10     | Killed an unseen horror
 11163 | D:10     | Banished Erica
 11199 | D:10     | Received a gift from Trog
 11274 | D:10     | Noticed Sonja
 11649 | D:10     | Noticed a cyclops
 11655 | D:10     | Killed a cyclops
 11655 | D:10     | Reached skill level 12 in Throwing
 11655 | D:10     | Reached skill level 1 in Shields
 11655 | D:10     | Reached XP level 11. HP: 67/92 MP: 10/10
 11712 | D:10     | Noticed Fannar
 11726 | D:10     | Banished Fannar
 11779 | D:10     | Noticed a cyclops
 11785 | D:10     | Hit by a large rock thrown by a cyclops

Action                   |  1- 3 |  4- 6 |  7- 9 | 10-12 || total
-------------------------+-------+-------+-------+-------++-------
Melee: Mace              |    49 |     4 |       |       ||    53
       Short sword       |       |   108 |       |       ||   108
       Quarterstaff      |       |    64 |   124 |       ||   188
       War axe           |       |       |    49 |    97 ||   146
Throw: Tomahawk          |    64 |    87 |   209 |    30 ||   390
       Stone             |     6 |    24 |       |       ||    30
       Javelin           |     5 |       |    22 |    73 ||   100
Invok: Berserk           |       |     4 |       |     2 ||     6
       Burn Spellbooks   |       |       |     1 |       ||     1
       Brothers in Arms  |       |       |       |     1 ||     1
  Use: Scroll            |     5 |     4 |    18 |     3 ||    30
       Potion            |     2 |     3 |     4 |     2 ||    11
 Stab: Petrifying        |       |       |     1 |       ||     1
       Petrified         |       |       |     1 |       ||     1
  Eat: Chunk             |     2 |     5 |     9 |       ||    16
       Bread ration      |       |     2 |     1 |     1 ||     4
       Meat ration       |       |       |     1 |     1 ||     2
       Beef jerky        |       |       |     1 |       ||     1
